[Event "Titled Tuesday Blitz May 11 2021"]
[White "Farahat, Ali"]
[Black "Nakamura, Hikaru"]
[WhiteFideId "10600507"]
[BlackFideId "2016192"]
[WhiteElo "2352"]
[BlackElo "2900"]
[Result "0-1"]
[Round "01"]
[TimeControl "180+1"]
[Date "2021.05.11"]
[WhiteClock "0:00:11"]
[BlackClock "0:01:18"]

1. e4 g6 2. d4 Bg7 3. Nc3 a6 4. Nf3 b5 5. a4 b4 6. Ne2 Bb7 7. Ng3 d6 8. Bd3 Nd7 9. O-O Ngf6 10. Re1 e5 11. c3 a5 12. h3 O-O 13. Bg5 h6 14. Be3 c5 15. Qd2 Kh7 16. Rad1 Qc7 17. d5 c4 18. Bf1 Nc5 19. Bxc5 Qxc5 20. Rc1 b3 21. h4 h5 22. Ng5+ Kg8 23. Be2 Bh6 24. Rcd1 Kg7 25. Kh1 Qxf2 26. Kh2 Qf4 27. Qxf4 exf4 28. Nf1 Bxg5 29. hxg5 Nxe4 30. Bxc4 Nxg5 31. Nd2 Rab8 32. Nxb3 Bc8 33. Rd2 Bd7 34. Nxa5 Bxa4 35. Nc6 Rb6 36. Rf2 Bxc6 37. dxc6 Rxc6 38. Bd5 Rb6 39. b4 Nh7 40. Rxf4 Nf6 41. Bb3 Rc8 42. Rf3 d5 43. Kg1 Rc7 44. Re5 d4 45. cxd4 Rxb4 46. Rc5 Rd7 47. d5 Rd4 48. Rc6 Nxd5 49. Bxd5 R4xd5 50. Rc4 Rg5 51. Rcf4 Re5 52. Rf2 Rde7 53. Kh2 f5 54. Rb4 Re2 55. Rxe2 Rxe2 56. Rb6 Re4 57. Kg3 h4+ 58. Kf3 Kh6 59. Rb8 Kg5 60. Rb6 Ra4 61. Rb3 Kh5 62. Rc3 g5 63. Rc5 Ra3+ 64. Kf2 Kg4 65. Rc4+ f4 66. Rc2 h3 67. gxh3+ Rxh3 68. Kg1 Ra3 0-1


[Site "https://www.chess.com"]

[Event "Titled Tuesday Blitz May 11 2021"]
[White "Goltsev, Dmitry"]
[Black "Schut, Lisa"]
[WhiteFideId "24176710"]
[BlackFideId "1019481"]
[WhiteElo "2366"]
[BlackElo "2234"]
[Result "1-0"]
[Round "01"]
[TimeControl "180+1"]
[Date "2021.05.11"]
[WhiteClock "0:01:37"]
[BlackClock "0:00:19"]

1. e4 c5 2. Nf3 d6 3. d4 cxd4 4. Nxd4 Nf6 5. Nc3 a6 6. Be2 e5 7. Nb3 Be7 8. Be3 O-O 9. O-O Qc7 10. a4 Be6 11. f4 Nbd7 12. Qd3 exf4 13. Bxf4 Ne5 14. Qg3 Kh8 15. Rad1 Rad8 16. Nd4 Ng6 17. Be3 Nd7 18. Nf5 Nde5 19. Bd4 Bf6 20. Qe3 Bxf5 21. exf5 Ne7 22. Bb6 Qc8 23. Bxd8 Rxd8 24. Bf3 Nxf5 25. Qe4 Qc5+ 26. Kh1 Ne3 27. Qxb7 Nxd1 28. Bxd1 d5 29. Qxa6 Rd6 30. Qb5 Qa7 31. Qe8# 1-0


[Site "https://www.chess.com"]

[Event "Titled Tuesday Blitz May 11 2021"]
[White "Grandelius, Nils"]
[Black "Astafurov, Arseniy"]
[WhiteFideId "1710400"]
[BlackFideId "24175218"]
[WhiteElo "2651"]
[BlackElo "2163"]
[Result "1/2-1/2"]
[Round "01"]
[TimeControl "180+1"]
[Date "2021.05.11"]
[WhiteClock "0:00:33"]
[BlackClock "0:00:09"]

1. Nf3 d5 2. g3 c6 3. Bg2 Bg4 4. h3 Bh5 5. O-O Nd7 6. d4 Ngf6 7. c4 e6 8. cxd5 exd5 9. Ne5 Be7 10. Nc3 Bg6 11. f4 Be4 12. Nxe4 Nxe4 13. Bxe4 dxe4 14. Be3 O-O 15. Qb3 Nb6 16. a4 Qd5 17. Qc2 a5 18. f5 f6 19. Ng4 Rfe8 20. b3 Bd6 21. Kg2 Rad8 22. Rad1 Kh8 23. Bf4 Bxf4 24. Rxf4 e3+ 25. Rf3 h5 26. Nh2 Qe4 27. Qc5 Nd5 28. Qxa5 Qc2 29. Re1 Qd2 30. Qxd2 exd2 31. Rd1 Rxe2+ 32. Kg1 Ne3 33. Rxd2 Rxd2 34. Rxe3 R8xd4 35. Nf3 Rd1+ 36. Kf2 Kh7 37. Re8 Rb4 38. Nh4 Rxh4 39. gxh4 Rd3 40. Re3 Rd4 41. Kg3 Rb4 42. Rd3 Kg8 43. Rd8+ Kf7 44. Rd7+ Kf8 45. Rd8+ Ke7 46. Rd3 Ke8 47. Re3+ Kd7 48. Rd3+ Kc7 49. Re3 Kd6 50. Re6+ Kd5 51. Re7 Rxb3+ 52. Kf4 Rb4+ 53. Kg3 b6 54. Rxg7 Rxa4 55. Re7 b5 56. Re6 b4 57. Rxf6 b3 58. Rf8 Kc4 59. f6 b2 60. Rb8 Ra3+ 61. Kg2 Rb3 62. Rxb3 Kxb3 63. f7 b1=Q 64. f8=Q Qc2+ 65. Kg3 Qd3+ 66. Kg2 Qd5+ 67. Kg3 c5 68. Qb8+ Kc3 69. Qa7 c4 70. Qa1+ Kb4 71. Qb2+ Kc5 72. Qa3+ Kc6 73. Qa8+ Kd6 74. Qd8+ Ke5 75. Qg5+ Kd4 76. Qd2+ Kc5 77. Qa5+ Kc6 78. Qa8+ Kd6 79. Qd8+ Kc5 80. Qa5+ Kd4 81. Qd2+ Ke4 82. Qe2+ Kd4 83. Qd2+ 1/2-1/2


[Site "https://www.chess.com"]

[Event "Titled Tuesday Blitz May 11 2021"]
[White "Hamley, Ryan"]
[Black "Fier, Alexandr"]
[WhiteFideId "30959497"]
[BlackFideId "2107139"]
[WhiteElo "2431"]
[BlackElo "2569"]
[Result "0-1"]
[Round "01"]
[TimeControl "180+1"]
[Date "2021.05.11"]
[WhiteClock "0:00:01"]
[BlackClock "0:01:34"]

1. d4 Nf6 2. c4 c5 3. d5 e6 4. Nc3 exd5 5. cxd5 d6 6. Nf3 g6 7. Bf4 Bg7 8. Qa4+ Bd7 9. Qb3 Qc7 10. e4 O-O 11. Be2 Bg4 12. O-O Bxf3 13. Bxf3 a6 14. a4 Nbd7 15. Rac1 Rfe8 16. Rfe1 Ne5 17. Be2 Nfd7 18. Bg3 c4 19. Qc2 Nc5 20. Bxe5 Bxe5 21. Bxc4 Bxc3 22. Qxc3 Nxa4 23. Qa3 Nc5 24. b4 Nd7 25. Bxa6 Qb6 26. Qh3 Nf6 27. Bf1 Qxb4 28. Re3 Rxe4 29. Rxe4 Qxe4 30. Rc7 Qxd5 31. Qc3 Ne4 32. Qb2 Nc5 33. Rd7 Nxd7 0-1


[Site "https://www.chess.com"]

[Event "Titled Tuesday Blitz May 11 2021"]
[White "Hess, Robert"]
[Black "Jary, Sergey"]
[WhiteFideId "2022036"]
[BlackFideId "14110350"]
[WhiteElo "2557"]
[BlackElo "2260"]
[Result "0-1"]
[Round "01"]
[TimeControl "180+1"]
[Date "2021.05.11"]
[WhiteClock "0:00:08"]
[BlackClock "0:01:12"]

1. b3 Nf6 2. Bb2 e6 3. h3 b6 4. g4 Bb7 5. Nf3 h6 6. Bg2 d6 7. d3 Nbd7 8. Nbd2 c5 9. c4 Qc7 10. Qc2 O-O-O 11. Nb1 Ne5 12. e4 Nc6 13. Nc3 a6 14. a3 d5 15. cxd5 Nd4 16. Nxd4 cxd4 17. Rc1 dxc3 18. Bxc3 Bxa3 19. Be5 Qxc2 20. Rxc2+ Bc5 21. b4 Kd7 22. bxc5 bxc5 23. d6 Ne8 24. Ke2 f6 25. Bg3 e5 26. Rxc5 Nxd6 27. f4 Rc8 28. Rhc1 Rxc5 29. Rxc5 exf4 30. Bxf4 Rc8 31. Rxc8 Nxc8 32. d4 a5 33. Kd3 Ba6+ 34. Kc3 Nd6 35. e5 Nb5+ 36. Kc4 Nc7+ 37. Kb3 Ne6 38. Be3 fxe5 39. dxe5 Bb5 40. Bb6 Bc6 41. Bf1 a4+ 42. Kb4 Nf4 43. Bd4 g5 44. Kc5 Ne6+ 45. Kc4 Bb5+ 46. Kxb5 Nxd4+ 47. Kxa4 Ke6 48. Kb4 Kxe5 49. Kc3 Nf3 50. Kd3 Kf4 51. Ke2 Kg3 52. Ke3 Ng1 53. Ba6 Nxh3 54. Bc8 Nf2 55. Ke2 Nxg4 56. Kf1 h5 57. Kg1 h4 58. Kh1 h3 59. Kg1 h2+ 0-1


[Site "https://www.chess.com"]

[Event "Titled Tuesday Blitz May 11 2021"]
[White "Hoffmann, Asa"]
[Black "Yuan, Qingyu"]
[WhiteFideId "2001470"]
[BlackFideId "8609772"]
[WhiteElo "2117"]
[BlackElo "2359"]
[Result "0-1"]
[Round "01"]
[TimeControl "180+1"]
[Date "2021.05.11"]
[WhiteClock "0:00:34"]
[BlackClock "0:00:23"]

1. d4 Nf6 2. Bg5 d5 3. Nd2 Nbd7 4. e3 e6 5. Bd3 Be7 6. f4 c5 7. c3 a6 8. Ngf3 b5 9. Ne5 Bb7 10. O-O O-O 11. Qf3 Ne8 12. Qh3 f5 13. Bxe7 Qxe7 14. g4 Nxe5 15. fxe5 g6 16. gxf5 gxf5 17. Kh1 Kh8 18. Rg1 Nc7 19. Nf3 Rg8 20. Nh4 c4 21. Be2 Qf7 22. Ng2 Rg5 23. Nf4 Rag8 24. Rxg5 Rxg5 25. Bh5 Qg7 26. Bf3 Bc6 27. Nh5 Qg6 28. Nf6 Ne8 29. Bh5 Qh6 30. Bg4 Qxh3 31. Bxh3 Nxf6 32. exf6 Rg6 33. f7 Kg7 34. Rg1 Kxf7 35. Rg3 Kf6 36. Kg2 e5 37. Kf3 a5 38. a3 Be8 39. Kf2 Rh6 40. Kg2 Bg6 41. Rf3 Rh4 42. dxe5+ Kxe5 43. Kg3 Re4 44. Bg2 b4 45. axb4 axb4 46. cxb4 Bh5 47. Rf2 Rxe3+ 48. Kh4 Bg6 49. Kg5 Rb3 50. h4 Rg3+ 51. Kh6 f4 52. b5 Be4 53. Bf1 Rg6+ 54. Kh5 f3 55. Bh3 Kf4 56. Bd7 Ke3 57. Rf1 f2 58. Bc6 Bf3# 0-1


[Site "https://www.chess.com"]

[Event "Titled Tuesday Blitz May 11 2021"]
[White "Holt, Conrad"]
[Black "Matthiesen, Martin"]
[WhiteFideId "2034387"]
[BlackFideId "1404067"]
[WhiteElo "2586"]
[BlackElo "2337"]
[Result "1-0"]
[Round "01"]
[TimeControl "180+1"]
[Date "2021.05.11"]
[WhiteClock "0:01:40"]
[BlackClock "0:00:27"]

1. d4 Nf6 2. c4 e6 3. Nc3 Bb4 4. Qc2 O-O 5. e4 d5 6. e5 Ne4 7. Bd3 c5 8. Nf3 cxd4 9. Nxd4 Nd7 10. Bf4 Ndc5 11. O-O Nxd3 12. Qxd3 Bxc3 13. bxc3 Bd7 14. cxd5 exd5 15. c4 Nc5 16. Qg3 Ne4 17. Qe3 Be6 18. Rad1 Qa5 19. Nb3 Qc3 20. cxd5 Qxe3 21. Bxe3 Bf5 22. Rc1 Rfc8 23. Nd4 Bg6 24. d6 a6 25. d7 Rd8 26. f3 1-0


[Site "https://www.chess.com"]

[Event "Titled Tuesday Blitz May 11 2021"]
[White "Ibrahimli, Murad"]
[Black "Martin Carmona, Gaston Manuel"]
[WhiteFideId "13410229"]
[BlackFideId "22284567"]
[WhiteElo "2109"]
[BlackElo "2144"]
[Result "1-0"]
[Round "01"]
[TimeControl "180+1"]
[Date "2021.05.11"]
[WhiteClock "0:01:31"]
[BlackClock "0:00:31"]

1. Nf3 Nf6 2. d4 e6 3. Bg5 b6 4. Nbd2 Bb7 5. e4 h6 6. Bxf6 Qxf6 7. e5 Qd8 8. Bd3 d6 9. Qe2 dxe5 10. Nxe5 Nd7 11. Bb5 c6 12. Nxc6 Bxc6 13. Bxc6 Rc8 14. Ba4 Bd6 15. Ne4 Be7 16. d5 e5 17. d6 Bf6 18. Qb5 a6 19. Qxd7+ Qxd7 20. Bxd7+ Kxd7 21. O-O-O Bg5+ 22. Kb1 f5 23. Ng3 Rhf8 24. h4 Bd8 25. Rd5 Ke6 26. d7 Rc7 27. Rhd1 Rc6 28. h5 Rf7 29. b3 b5 30. a3 e4 31. Ne2 Rc7 32. Nf4+ Ke7 33. g3 Rf6 34. Re5+ Kf7 35. Re8 1-0


[Site "https://www.chess.com"]

[Event "Titled Tuesday Blitz May 11 2021"]
[White "Ivic, Velimir"]
[Black "Quintin Navarro, Alberto"]
[WhiteFideId "950122"]
[BlackFideId "2292688"]
[WhiteElo "2509"]
[BlackElo "2289"]
[Result "1-0"]
[Round "01"]
[TimeControl "180+1"]
[Date "2021.05.11"]
[WhiteClock "0:00:08"]
[BlackClock "0:00:13"]

1. e4 e5 2. Nf3 Nc6 3. Bb5 a6 4. Ba4 Nf6 5. O-O Be7 6. d3 d6 7. c3 O-O 8. Nbd2 Re8 9. Re1 Bf8 10. Nf1 g6 11. Ng3 Bg7 12. d4 Bd7 13. h3 b5 14. Bc2 Rb8 15. a4 b4 16. d5 Ne7 17. a5 c6 18. c4 c5 19. Be3 Rf8 20. Qd2 Ne8 21. Bh6 f6 22. Nh2 Kh8 23. Bxg7+ Nxg7 24. f4 Qc7 25. Rf1 Ng8 26. Bd1 Rbe8 27. Be2 Bc8 28. f5 g5 29. Nh5 Nxh5 30. Bxh5 Re7 31. Rf3 Rg7 32. h4 Ne7 33. hxg5 Rxg5 34. Rh3 Rfg8 35. Bf3 Bd7 36. Kf2 Be8 37. Rh1 R8g7 38. Ng4 Ng8 39. Nh6 Ne7 40. Rh4 Qxa5 41. Rg4 Rxg4 42. Nxg4 Ng8 43. Nh6 Ne7 44. g4 Qa2 45. Rg1 Rg5 46. Be2 Qb3 47. Rg3 Qa2 48. Rh3 a5 49. Qc1 a4 50. Qh1 Qxb2 51. Nf7+ Bxf7 52. Rxh7+ Kg8 53. Rh8+ Kg7 54. Qh6# 1-0


[Site "https://www.chess.com"]

[Event "Titled Tuesday Blitz May 11 2021"]
[White "Jarovinsky, Alexey"]
[Black "The_filthy"]
[WhiteFideId "14115131"]
[WhiteElo "2446"]
[BlackElo "2405"]
[Result "1-0"]
[Round "01"]
[TimeControl "180+1"]
[Date "2021.05.11"]
[WhiteClock "0:02:19"]
[BlackClock "0:02:17"]

1. Nc3 e6 2. d4 d5 3. Nf3 Nf6 4. Bg5 Be7 5. Bxf6 Bxf6 6. e4 dxe4 7. Nxe4 Be7 8. Bd3 Nd7 9. Qe2 a6 10. O-O-O b5 11. h4 Bb7 12. Neg5 Nf6 13. Nxf7 Kxf7 14. Ng5+ Ke8 15. Nxe6 Qd5 16. Nxc7+ 1-0


[Site "https://www.chess.com"]

[Event "Titled Tuesday Blitz May 11 2021"]
[White "Jobava, Baadur"]
[Black "Manukyan, Sargis A."]
[WhiteFideId "13601520"]
[BlackFideId "13303970"]
[WhiteElo "2748"]
[BlackElo "2187"]
[Result "1-0"]
[Round "01"]
[TimeControl "180+1"]
[Date "2021.05.11"]
[WhiteClock "0:01:13"]
[BlackClock "0:00:28"]

1. e4 c5 2. d4 cxd4 3. c3 d3 4. Bxd3 d6 5. f4 Nf6 6. Nf3 Nc6 7. O-O g6 8. Kh1 Bg7 9. Be3 O-O 10. Nbd2 d5 11. e5 Ng4 12. Bg1 h5 13. Qe2 Nh6 14. Rad1 Bf5 15. Nb3 e6 16. c4 Ne7 17. c5 Bxd3 18. Rxd3 Nhf5 19. Rc1 Nc6 20. a3 Qe7 21. Nbd4 Nfxd4 22. Nxd4 Nxd4 23. Bxd4 Rfc8 24. b4 b6 25. c6 b5 26. Rdc3 a6 27. c7 Qd7 28. Rc6 Bf8 29. h3 Be7 30. Kh2 Kg7 31. f5 gxf5 32. Qxh5 Rh8 33. Qxf5 Rh6 34. c8=Q Rxc8 35. Rxc8 Rg6 36. Qh5 Bd8 37. Bb6 Rh6 38. Rxd8 1-0


[Site "https://www.chess.com"]

[Event "Titled Tuesday Blitz May 11 2021"]
[White "Kamsky, Gata"]
[Black "Shtyka, Sergey"]
[WhiteFideId "2000024"]
[BlackFideId "4138465"]
[WhiteElo "2644"]
[BlackElo "2102"]
[Result "1-0"]
[Round "01"]
[TimeControl "180+1"]
[Date "2021.05.11"]
[WhiteClock "0:02:14"]
[BlackClock "0:00:21"]

1. e4 c5 2. Nf3 Nc6 3. d4 cxd4 4. Nxd4 Nf6 5. Nc3 e5 6. Ndb5 h6 7. Nd6+ Bxd6 8. Qxd6 Qe7 9. Qxe7+ Kxe7 10. b3 d6 11. a4 Be6 12. Ba3 Rhd8 13. O-O-O a6 14. f3 Nd4 15. Ne2 Nxb3+ 16. cxb3 Bxb3 17. Rd2 Rac8+ 18. Kb2 Bxa4 19. Nc3 Bc6 20. Be2 b5 21. Rhd1 Ne8 22. Bb4 Rd7 23. f4 f5 24. fxe5 Ke6 25. exd6 Nf6 26. exf5+ Kxf5 27. Bd3+ Kg5 28. Rf1 g6 29. h4+ 1-0


[Site "https://www.chess.com"]

[Event "Titled Tuesday Blitz May 11 2021"]
[White "Keymer, Vincent"]
[Black "Elgersma, Onno"]
[WhiteFideId "12940690"]
[BlackFideId "1053531"]
[WhiteElo "2474"]
[BlackElo "2456"]
[Result "1-0"]
[Round "01"]
[TimeControl "180+1"]
[Date "2021.05.11"]
[WhiteClock "0:00:58"]
[BlackClock "0:00:03"]

1. Nf3 d5 2. e3 Nf6 3. c4 e6 4. Nc3 c5 5. cxd5 exd5 6. d4 Nc6 7. Bb5 Bd6 8. dxc5 Bxc5 9. O-O O-O 10. b3 Bg4 11. Bb2 Re8 12. Rc1 Bd6 13. h3 Bh5 14. Ne2 Ne4 15. Ned4 Qf6 16. Bxc6 bxc6 17. Rxc6 Rac8 18. Rxc8 Rxc8 19. Qe2 Bxf3 20. Nxf3 Qg6 21. Rd1 Rc5 22. Bd4 Rc7 23. Bb2 Rc5 24. b4 Rc6 25. Rxd5 Qe6 26. Qd3 Bxb4 27. Rd8+ Bf8 28. Nd4 Qf6 29. Rxf8+ Kxf8 30. Qxe4 Rc8 31. Qb7 Kg8 32. Qxc8+ 1-0


[Site "https://www.chess.com"]

[Event "Titled Tuesday Blitz May 11 2021"]
[White "Kobalia, Mikhail"]
[Black "Colbow, Collin"]
[WhiteFideId "4119150"]
[BlackFideId "16201132"]
[WhiteElo "2569"]
[BlackElo "2137"]
[Result "1-0"]
[Round "01"]
[TimeControl "180+1"]
[Date "2021.05.11"]
[WhiteClock "0:00:56"]
[BlackClock "0:00:03"]

1. e4 c5 2. Nf3 d6 3. d4 cxd4 4. Qxd4 Nc6 5. Qe3 Nf6 6. Be2 e5 7. O-O Be7 8. c4 O-O 9. Nc3 Be6 10. h3 h6 11. Nd5 Nb8 12. Bd2 Nxd5 13. cxd5 Bc8 14. Bd3 Nd7 15. Rac1 Nc5 16. Bb1 Bd7 17. b4 Na4 18. Qb3 a5 19. bxa5 Nc5 20. Qb2 Rc8 21. Rfe1 f5 22. exf5 Bxf5 23. Bxf5 Rxf5 24. Re3 Qd7 25. Bb4 e4 26. Nd2 Nd3 27. Rxc8+ Qxc8 28. Qc3 Qxc3 29. Bxc3 Nxf2 30. Nxe4 Nxe4 31. Rxe4 Kf7 32. Rb4 Rxd5 33. Rxb7 Rd1+ 34. Kh2 Ke6 35. a6 d5 36. Rxe7+ Kxe7 37. a7 1-0


[Site "https://www.chess.com"]

[Event "Titled Tuesday Blitz May 11 2021"]
[White "Koridze, Lile"]
[Black "Kukhmazov, Arsen"]
[WhiteFideId "13612514"]
[BlackFideId "24108260"]
[WhiteElo "1978"]
[BlackElo "2453"]
[Result "1-0"]
[Round "01"]
[TimeControl "180+1"]
[Date "2021.05.11"]
[WhiteClock "0:00:14"]
[BlackClock "0:00:02"]

1. d4 d5 2. c4 c6 3. Nf3 Nf6 4. Nc3 e6 5. e3 Nbd7 6. Bd3 dxc4 7. Bxc4 b5 8. Bd3 b4 9. Ne4 Nxe4 10. Bxe4 Bb7 11. O-O Qb6 12. b3 Bd6 13. Bb2 O-O 14. Nd2 Qc7 15. h3 Nf6 16. Bf3 c5 17. Nc4 Be7 18. dxc5 Bxf3 19. Qxf3 Qxc5 20. Rfd1 Rfd8 21. Bd4 Qd5 22. Qe2 Qf5 23. Ne5 Rdc8 24. Rac1 Ne4 25. Nc6 Bf8 26. Rc4 Nd6 27. Rc5 Qg6 28. Rdc1 f6 29. Nxb4 Rxc5 30. Bxc5 Rc8 31. Qd1 Ne4 32. Bxf8 Rxf8 33. Nc6 Qe8 34. Qd3 f5 35. Nxa7 Qe7 36. Nc6 Qh4 37. Qe2 Ra8 38. a4 h6 39. Ne5 Qf6 40. Nd3 Nc3 41. Qc2 Nd5 42. b4 Rb8 43. b5 Qe7 44. Qc5 Qd7 45. Ne5 Qe8 46. Nc6 Ra8 47. a5 Qd7 48. a6 Rc8 49. b6 Re8 50. b7 Qc7 51. b8=Q Rxb8 52. Nxb8 Qxb8 53. Qc8+ 1-0


[Site "https://www.chess.com"]

[Event "Titled Tuesday Blitz May 11 2021"]
[White "Kovacsy, Barnabas"]
[Black "Oparin, Grigoriy"]
[WhiteFideId "769290"]
[BlackFideId "24125890"]
[WhiteElo "1938"]
[BlackElo "2628"]
[Result "0-1"]
[Round "01"]
[TimeControl "180+1"]
[Date "2021.05.11"]
[WhiteClock "0:02:01"]
[BlackClock "0:02:27"]

1. e4 d6 2. d4 g6 3. Nc3 Bg7 4. Nf3 a6 5. Be2 b5 6. a3 Bb7 7. O-O Nd7 8. Bg5 h6 9. Bh4 g5 10. Bg3 Ngf6 11. e5 Nh5 12. Qd3 Nxg3 13. hxg3 dxe5 14. dxe5 Nxe5 15. Nxe5 Bxe5 16. Qe3 Qd4 17. Qxd4 Bxd4 18. Rad1 c5 19. Bf3 Bxf3 20. gxf3 Rd8 21. Rd3 e6 22. Rfd1 Ke7 23. Kf1 h5 24. Ke2 h4 25. gxh4 gxh4 26. f4 h3 27. Rh1 Bxc3 28. Rxc3 h2 29. Rxc5 Kf6 30. Rg5 Rc8 31. c3 Rh4 32. Rg2 Rch8 33. Kf3 Rh3+ 34. Rg3 Kf5 35. Rxh3 Rxh3+ 36. Kg2 Rh4 37. Rxh2 Rxh2+ 38. Kxh2 Kxf4 39. Kg2 Ke4 40. Kf1 Kd3 0-1


[Site "https://www.chess.com"]

[Event "Titled Tuesday Blitz May 11 2021"]
[White "Kovalev, Vladislav"]
[Black "Kashtanov, Ruslan"]
[WhiteFideId "13504398"]
[BlackFideId "4124871"]
[WhiteElo "2573"]
[BlackElo "2233"]
[Result "1-0"]
[Round "01"]
[TimeControl "180+1"]
[Date "2021.05.11"]
[WhiteClock "0:02:00"]
[BlackClock "0:00:10"]

1. e4 c5 2. Be2 Nc6 3. d3 g6 4. f4 Bg7 5. Nf3 e6 6. O-O Nge7 7. c3 O-O 8. Be3 b6 9. d4 d5 10. e5 cxd4 11. cxd4 Na5 12. b3 Qc7 13. Qd2 Nac6 14. Nc3 a6 15. Rac1 Qb7 16. g4 Bd7 17. Bd3 Nb4 18. Bb1 Rac8 19. h4 Rc7 20. h5 a5 21. Ng5 h6 22. Nxf7 Rxf7 23. hxg6 Rf8 24. a3 Nbc6 25. Nb5 Nxe5 26. Rxc7 Qa7 1-0


[Site "https://www.chess.com"]

[Event "Titled Tuesday Blitz May 11 2021"]
[White "Le, Tuan Minh"]
[Black "Mouhamad, Joachim"]
[WhiteFideId "12401153"]
[BlackFideId "656410"]
[WhiteElo "2450"]
[BlackElo "2207"]
[Result "1-0"]
[Round "01"]
[TimeControl "180+1"]
[Date "2021.05.11"]
[WhiteClock "0:01:38"]
[BlackClock "0:00:44"]

1. d4 d5 2. Nf3 e6 3. Bf4 Nf6 4. e3 Bd6 5. Nbd2 O-O 6. c3 c5 7. Bd3 Qc7 8. Bxd6 Qxd6 9. Ne5 Nc6 10. f4 b6 11. O-O Bb7 12. Rf3 Ne7 13. Rh3 g6 14. Qe1 Nf5 15. g4 Ng7 16. Qh4 Qd8 17. Qh6 cxd4 18. exd4 Re8 19. Ndf3 Ne4 20. Qxh7+ Kf8 21. Qh8+ Ke7 22. Qxg7 1-0


[Site "https://www.chess.com"]

[Event "Titled Tuesday Blitz May 11 2021"]
[White "Livaic, Leon"]
[Black "Niraj, Saripalli"]
[WhiteFideId "14531534"]
[BlackFideId "5045657"]
[WhiteElo "2540"]
[BlackElo "2113"]
[Result "1-0"]
[Round "01"]
[TimeControl "180+1"]
[Date "2021.05.11"]
[WhiteClock "0:02:16"]
[BlackClock "0:00:20"]

1. e4 e5 2. Nf3 Nc6 3. Bc4 Nf6 4. d3 h6 5. c3 d6 6. h3 g5 7. Be3 Bg7 8. Nbd2 Qe7 9. b4 Be6 10. Qb3 O-O 11. g4 Rfd8 12. h4 Nxg4 13. hxg5 Nxe3 14. fxe3 hxg5 15. Bxe6 fxe6 16. Ke2 g4 17. Nh4 d5 18. Rag1 dxe4 19. Nxe4 Kf7 20. Rxg4 Rg8 21. Nf5 Qd7 22. Rh7 1-0


[Site "https://www.chess.com"]

[Event "Titled Tuesday Blitz May 11 2021"]
[White "Ljukin, Sergei"]
[Black "Gabrielian, Artur"]
[WhiteFideId "14102200"]
[BlackFideId "4131002"]
[WhiteElo "2287"]
[BlackElo "2539"]
[Result "1-0"]
[Round "01"]
[TimeControl "180+1"]
[Date "2021.05.11"]
[WhiteClock "0:00:03"]
[BlackClock "0:00:05"]

1. e4 e5 2. Nf3 Nc6 3. Bb5 g6 4. d4 exd4 5. Nxd4 Bg7 6. Be3 Nf6 7. Nc3 O-O 8. O-O Re8 9. f3 a6 10. Ba4 b5 11. Bb3 Na5 12. Qd2 Nxb3 13. axb3 Bb7 14. Bg5 c5 15. Nde2 Qb6 16. Nf4 c4+ 17. Kh1 cxb3 18. cxb3 Rac8 19. Rad1 h6 20. Bxf6 Qxf6 21. Qxd7 Bc6 22. Qd2 Red8 23. Ncd5 Qe5 24. b4 Kh7 25. b3 Bb7 26. Qf2 f5 27. Nd3 Qd4 28. Nc5 Qxf2 29. Rxf2 fxe4 30. fxe4 Bc6 31. Rf7 a5 32. Ne6 Bxd5 33. Rxg7+ Kh8 34. exd5 Rxd5 35. Rg1 Re5 36. Rxg6 Kh7 37. Rf6 Rc6 38. Rf7+ Kg6 39. Rg7+ Kf6 40. bxa5 Kxe6 41. Rb7 Re2 42. h3 Ra2 43. Rxb5 Rcc2 44. b4 Kd6 45. Rb6+ Kd5 46. a6 Ke4 47. b5 Kd5 48. Rb7 Kd6 49. a7 Rc8 50. b6 Rd8 51. Rb8 Kd7 52. Rd1+ Ke7 53. Rbxd8 1-0


[Site "https://www.chess.com"]

[Event "Titled Tuesday Blitz May 11 2021"]
[White "Lobanov, Sergei"]
[Black "Rodriguez, Santiago"]
[WhiteFideId "24183750"]
[BlackFideId "3000591"]
[WhiteElo "2392"]
[BlackElo "2256"]
[Result "1-0"]
[Round "01"]
[TimeControl "180+1"]
[Date "2021.05.11"]
[WhiteClock "0:00:26"]
[BlackClock "0:00:01"]

1. e4 c5 2. Nf3 Nc6 3. Bb5 g6 4. O-O Bg7 5. c3 Nf6 6. Re1 O-O 7. d4 d5 8. e5 Ne4 9. Bxc6 bxc6 10. Be3 Rb8 11. Qc1 Qb6 12. b3 cxd4 13. cxd4 Bf5 14. Nbd2 Rfc8 15. Nxe4 Bxe4 16. Ng5 Bf5 17. Qc3 f6 18. Nf3 fxe5 19. Nxe5 Bxe5 20. dxe5 c5 21. Bg5 Rb7 22. e6 d4 23. Qg3 Qd6 24. Bf4 Qd8 25. Qg5 Qf8 26. Rac1 Rc6 27. h4 a5 28. h5 a4 29. hxg6 hxg6 30. Be5 Rxe6 31. g4 Bxg4 32. Qxg4 1-0


[Site "https://www.chess.com"]

[Event "Titled Tuesday Blitz May 11 2021"]
[White "Lortkipanidze, Nodar"]
[Black "Spitzl, Vinzent"]
[WhiteFideId "13604058"]
[BlackFideId "12901253"]
[WhiteElo "2312"]
[BlackElo "2192"]
[Result "0-1"]
[Round "01"]
[TimeControl "180+1"]
[Date "2021.05.11"]
[WhiteClock "0:01:19"]
[BlackClock "0:00:14"]

1. e4 c5 2. c3 d5 3. exd5 Qxd5 4. d4 Nf6 5. Nf3 Bg4 6. dxc5 Qxd1+ 7. Kxd1 e5 8. b4 Nc6 9. h3 Bh5 10. g4 Bg6 11. Bb5 Be4 12. Ke2 a6 13. Ba4 O-O-O 14. Rd1 Be7 15. Bxc6 Bxc6 16. Nxe5 Rxd1 17. Kxd1 Ba4+ 18. Ke1 Re8 19. Be3 Bxc5 20. bxc5 Rxe5 21. Kd2 Ne4+ 22. Ke2 Bb5+ 23. Kf3 Bc6 24. Ke2 Bb5+ 25. Ke1 Nxc5 26. Na3 Bc6 27. Nc4 Re6 28. Rd1 Kc7 29. Kf1 Bb5 30. Bxc5 Bxc4+ 31. Kg2 Bxa2 32. h4 Kc6 33. Bd4 Bd5+ 34. Kg3 f6 35. h5 a5 36. Ra1 b6 37. Rb1 b5 38. Kf4 Re4+ 39. Kf5 Re8 40. h6 Be4+ 41. Kf4 Bxb1 42. hxg7 a4 43. Bxf6 a3 44. Be7 Rg8 45. Bxa3 Rxg7 46. Kg3 Rf7 47. f3 Kd5 48. Bc1 Kc4 49. Bd2 Kd3 50. Bf4 Kxc3 51. Be5+ Kc2 52. f4 b4 53. f5 b3 54. Kf4 b2 55. g5 Ba2 56. Ke3 b1=Q 57. g6 Qe1+ 58. Kd4 Rd7+ 59. Kc5 Qa5+ 60. Kc6 Qd5+ 61. Kb6 Rb7+ 62. Ka6 Qb5# 0-1


[Site "https://www.chess.com"]

[Event "Titled Tuesday Blitz May 11 2021"]
[White "Malka, Samuel"]
[Black "Dubov, Daniil"]
[WhiteFideId "20643675"]
[BlackFideId "24126055"]
[WhiteElo "2451"]
[BlackElo "2722"]
[Result "0-1"]
[Round "01"]
[TimeControl "180+1"]
[Date "2021.05.11"]
[WhiteClock "0:00:10"]
[BlackClock "0:00:32"]

1. d4 Nf6 2. c4 e6 3. g3 c5 4. d5 exd5 5. cxd5 d6 6. Nc3 g6 7. Bg2 Bg7 8. Nf3 O-O 9. O-O Re8 10. Bf4 Bf5 11. Nh4 Bc8 12. Nf3 Na6 13. Nd2 Nh5 14. Be3 Rxe3 15. fxe3 Nf6 16. Nc4 Ng4 17. Nb5 Bf8 18. e4 Nc7 19. a4 Nxb5 20. axb5 Bg7 21. Qd2 Ne5 22. Nxe5 Bxe5 23. Ra2 Bd7 24. Rfa1 Qb8 25. Qd3 h5 26. e3 Kg7 27. Bf1 h4 28. Kg2 hxg3 29. hxg3 Qh8 30. Kf2 Qh2+ 31. Bg2 Bh3 32. Rg1 Bxg3+ 33. Kf1 Bxg2+ 34. Rxg2 Qh1+ 35. Rg1 Qf3# 0-1


[Site "https://www.chess.com"]

[Event "Titled Tuesday Blitz May 11 2021"]
[White "Martinez Alcantara, Jose Eduardo"]
[Black "Shevtchenko, Olesya"]
[WhiteFideId "3805662"]
[BlackFideId "24131890"]
[WhiteElo "2690"]
[BlackElo "2003"]
[Result "1-0"]
[Round "01"]
[TimeControl "180+1"]
[Date "2021.05.11"]
[WhiteClock "0:01:26"]
[BlackClock "0:00:06"]

1. e4 c5 2. Nf3 d6 3. c3 Nf6 4. h3 Nc6 5. Bd3 e5 6. Bc2 g6 7. O-O Bg7 8. d4 cxd4 9. cxd4 O-O 10. d5 Nb4 11. Bb3 Na6 12. Nc3 Bd7 13. Be3 b6 14. Bc4 Nc5 15. Nd2 Nh5 16. b4 Nb7 17. Ba6 Rb8 18. Nb5 Bxb5 19. Bxb5 Nf4 20. Kh2 Qe7 21. g3 Nh5 22. Rc1 Rfc8 23. Qg4 Rxc1 24. Rxc1 Nf6 25. Qe2 Ne8 26. Qf3 Nc7 27. Bc6 Nd8 28. a4 Nxc6 29. dxc6 Rd8 30. b5 d5 31. exd5 Rxd5 32. Nc4 f5 33. Rd1 e4 34. Qe2 Qe6 35. Bf4 Ne8 36. Ne3 Rxd1 37. Qxd1 Be5 38. Qd7 Ng7 39. Qxe6+ Nxe6 40. Bxe5 Kf7 41. c7 Nxc7 42. Bxc7 Ke6 43. Bb8 a6 44. bxa6 1-0


[Site "https://www.chess.com"]